[Event "Klubbmästerskap 2025 Torsdagar"]
[Site "Linköping, Sweden"]
[Date "2025.02.13"]
[Round "4.1"]
[White "Gustafsson, Nils"]
[Black "Nagy, Mate 2009"]
[Result "0-1"]
[TimeControl "90 min + 30 sec/move"]
[WhiteElo "1860"]
[BlackElo "1917"]

1. e4 c5 2. Nf3 e6 3. d4 cxd4 4. Nxd4 a6 5. Nc3 Qc7 6. Be2 Nf6 7. O-O Be7 8. f4 d6 9. Be3 O-O 10.
a4 Bd7 11. Kh1 Nc6 12. Nf3 Nb4 13. a5 d5 14. Ne5 dxe4 15. g4 Nbd5 16. Bb6 Qc8 17. g5 Nxc3 18. bxc3 Nd5 19. c4 Nxb6 20.
axb6 Bc6 21. h4 Rd8 22. Qe1 Bd6 23. Rd1 Bxe5 24. fxe5 Rxd1 25. Bxd1 Qd7 26. Bh5 g6 27. Bg4 Rd8 28.
h5 e3+ 29. Bf3 Bxf3+ 30. Rxf3 Qd2 31. Qxe3 Qxe3 32. Rxe3 Rd1+ 33. Kg2 gxh5 34. Rc3 Rd8 35. c5 Rc8 36. Kg3 a5 37. Kh4 a4 38.
Kxh5 Kg7 39. Kg4 Kg6 40. Rc4 a3 41. Ra4 Rxc5 42. Rxa3 Rxe5 43. Ra7 Rxg5+ 44. Kf3 Rc5 45. Rxb7 Rxc2 46.
Rb8 Rb2 47. Ke3 h5 48. b7 Kf5 49. Rf8 Rxb7 0-1

[Event "Klubbmästerskap 2025 Torsdagar"]
[Site "Linköping, Sweden"]
[Date "2025.02.13"]
[Round "4.2"]
[White "Löfgren, Vide"]
[Black "Roginski, Hugo"]
[Result "1-0"]
[TimeControl "90 min + 30 sec/move"]
[WhiteElo "1928"]
[BlackElo "1884"]

1. e4 e5 2. Bc4 Nc6 3. d3 Bc5 4. Nf3 Nf6 5. Be3 Bb6 6. Nc3 d6 7. Qd2 Na5 8. Bb3 Nxb3 9. axb3 Bd7 10.
O-O Ng4 11. Bxb6 axb6 12. Rxa8 Qxa8 13. Qg5 O-O 14. Nd5 f6 15. Qh5 Qd8 16. h3 Nh6 17. g4 c6 18. Ne3 Qe8 19. Qxe8 Rxe8 20.
Nc4 Nf7 21. Nxb6 Be6 22. Ra1 h5 23. Nh2 Ng5 24. Kg2 d5 25. h4 Nf7 26. gxh5 dxe4 27. dxe4 Rd8 28. Nf1 f5 29. exf5 Bxf5 30.
Ne3 Be4+ 31. Kg3 Rd2 32. Ra8+ Kh7 33. Nbc4 Re2 34. Rf8 b5 35. Rxf7 bxc4 36. bxc4 Re1 37. f3 Bd3 38. cxd3 Rxe3 39.
Rd7 Re2 40. Rd6 Rxb2 41. Rxc6 Rc2 42. Rc5 Rc3 43. Rd5 1-0

[Event "Klubbmästerskap 2025 Torsdagar"]
[Site "Linköping, Sweden"]
[Date "2025.02.13"]
[Round "4.3"]
[White "Skytt, Klas"]
[Black "Westerberg, Hampus"]
[Result "0-1"]
[TimeControl "90 min + 30 sec/move"]
[WhiteElo "1764"]
[BlackElo "1851"]

1. d4 Nf6 2. c4 g6 3. Nc3 d5 4. cxd5 Nxd5 5. e4 Nxc3 6. bxc3 Bg7 7. Bc4 O-O 8. Ne2 c5 9. O-O Nc6 10.
Bb2 Na5 11. Bd3 Qc7 12. Rc1 Rd8 13. Bb1 Nc4 14. Ba1 e6 15. Qa4 Nd2 16. Rfd1 Nxb1 17. Rxb1 Bd7 18. Qa3 Bf8 19. Qc1 Bc6 20.
f3 Qe7 21. e5 Rac8 22. Qe3 Qh4 23. f4 Qg4 24. Qf2 Rd7 25. h3 Qh5 26. Bb2 Rcd8 27. Kh2 Be7 28. g4 Qh6 29. Bc1 Qg7 30.
Be3 f6 31. Rg1 fxe5 32. fxe5 Rf8 33. Qe1 Rf3 34. Qd2 Qf7 35. Nf4 cxd4 36. cxd4 g5 37. Nh5 h6 38. Rg3 Rd8 39. Qe2 Rf8 40.
Nf6+ Bxf6 41. exf6 Rxg3 42. Kxg3 Qxf6 43. Rb3 Qf3+ 44. Qxf3 Rxf3+ 45. Kh2 Bd5 46. Ra3 Kf7 47. Rd3 a6 48.
a4 b5 49. axb5 axb5 50. Rc3 Kg6 51. Ra3 b4 52. Rd3 b3 0-1

[Event "Klubbmästerskap 2025 Torsdagar"]
[Site "Linköping, Sweden"]
[Date "2025.02.13"]
[Round "4.4"]
[White "Snällfot, Magnus"]
[Black "Lilljebjörn, Erik Gustaf"]
[Result "1-0"]
[TimeControl "90 min + 30 sec/move"]
[WhiteElo "1778"]
[BlackElo "1783"]

1. e4 c6 2. d4 d5 3. exd5 cxd5 4. c4 Nf6 5. Nc3 e6 6. c5 Be7 7. Nf3 O-O 8. Bf4 a6 9. Bd3 b5 10.
b4 Bb7 11. a4 Ne4 12. Qc2 Nxc3 13. Qxc3 Nc6 14. O-O a5 15. axb5 Nxb4 16. c6 Bc8 17. Rfc1 Qb6 18. Bf1 f6 19.
Nd2 e5 20. dxe5 fxe5 21. Bxe5 Qxf2+ 22. Kh1 Bf6 23. Nf3 Bxe5 24. Nxe5 Be6 25. Nd3 Qf5 26. Nxb4 axb4 27. Qd3 Rxa1 28.
Rxa1 Qf6 29. Rd1 b3 30. b6 Bg4 31. Be2 Bxe2 32. Qxe2 Qxc6 33. Qe3 b2 34. h3 Rb8 35. Rb1 Qxb6 36. Qe5 Qc6 37. Qxb8+ 1-0

[Event "Klubbmästerskap 2025 Torsdagar"]
[Site "Linköping, Sweden"]
[Date "2025.02.13"]
[Round "4.5"]
[White "Ahlström, Per"]
[Black "Garner, Mårten"]
[Result "0-1"]
[TimeControl "90 min + 30 sec/move"]
[WhiteElo "1820"]
[BlackElo "1841"]

1. Nf3 d5 2. g3 Nf6 3. Bg2 c5 4. c4 d4 5. d3 Nc6 6. Na3 e5 7. Nc2 Bd6 8. a3 h6 9. Rb1 a5 10.
b3 Qc7 11. O-O O-O 12. Bd2 Bf5 13. b4 axb4 14. axb4 e4 15. Nfe1 Rfe8 16. bxc5 Bxc5 17. dxe4 Nxe4 18. Nd3 Bd6 19.
Rb5 Bg6 20. Nf4 Nxd2 21. Nd5 Qd7 22. Qxd2 Ra2 23. Rc1 Ba3 24. e4 d3 25. Qxd3 Bxc1 26. Nf6+ gxf6 27. Qxd7 Rd8 28. Qxb7 Rd1+ 29.
Bf1 Nd8 30. Rd5 Rxf1+ 31. Kxf1 Nxb7 0-1

[Event "Klubbmästerskap 2025 Torsdagar"]
[Site "Linköping, Sweden"]
[Date "2025.02.13"]
[Round "4.6"]
[White "Qwarfort, Fredrik"]
[Black "Leijon, Noah"]
[Result "1/2-1/2"]
[TimeControl "90 min + 30 sec/move"]
[WhiteElo "1826"]
[BlackElo "1803"]

1. d4 d5 2. c4 e5 3. dxe5 d4 4.
Nf3 Nc6 5. a3 Nge7 6. e3 Bg4 7. Be2 dxe3 8. Bxe3 Qxd1+ 9. Bxd1 Ng6 10. O-O Ncxe5 11. Nxe5 Nxe5 12. Bxg4 Nxg4 13. Bf4 O-O-O 14. Nc3 Bc5 15. b4 Bd4 16. Rac1 Be5 17. Bxe5 Nxe5 18. Nd5 Rhe8 19. Ne3 1/2-1/2

[Event "Klubbmästerskap 2025 Torsdagar"]
[Site "Linköping, Sweden"]
[Date "2025.02.13"]
[Round "4.7"]
[White "Davidsson, Asker"]
[Black "Ekman, Theo"]
[Result "0-1"]
[TimeControl "90 min + 30 sec/move"]
[WhiteElo "1823"]
[BlackElo "1806"]

1. c4 Nc6 2. Nc3 e5 3. g3 f5 4. d3 Bc5 5. Bg2 d6 6. e3 Nf6 7. Nge2 O-O 8. O-O Bb6 9. a3 Qe8 10.
Nd5 Nxd5 11. Bxd5+ Kh8 12. b4 Nd8 13. d4 c6 14. Bg2 e4 15. Nf4 Ne6 16. Nxe6 Bxe6 17. d5 cxd5 18. cxd5 Bg8 19.
Qd2 Qf7 20. Rd1 Rac8 21. Bb2 Rc7 22. Rac1 Rfc8 23. Bh3 Rxc1 24. Rxc1 Rxc1+ 25. Bxc1 Bd8 26. Bb2 Bf6 27. Bxf5 Bxb2 28.
Be6 Qf6 29. Qc2 Bc3 30. Qxe4 Bxe6 31. dxe6 Be1 32. f4 Qb2 33. Qg2 Qxg2+ 34. Kxg2 Kg8 35. Kf3 Bc3 36. Ke4 Kf8 37. Kd5 Ke7 38.
g4 Bd2 39. f5 Bxe3 40. b5 a6 41. bxa6 bxa6 42. h4 Bf2 43. h5 h6 44. Kc6 a5 45. a4 Be3 46. Kd5 Bf4 47. Ke4 Bg5 48.
Kd5 Bf6 49. Kc6 Bc3 50. Kd5 Be5 51. Kc6 Kd8 52. Kb5 Bc3 53. Kc6 Bb4 54. Kd5 Kc7 55. Kc4 Be1 56. Kb5 Bd2 57. Kc4 Kc6 58.
Kd4 Bg5 59. Kc4 d5+ 60. Kd4 Kd6 61. Kd3 Kc5 62. Kc3 d4+ 63. Kd3 Kd5 64. Ke2 Ke4 65. Kd1 Kf3 66. Kc2 Ke2 0-1

[Event "Klubbmästerskap 2025 Torsdagar"]
[Site "Linköping, Sweden"]
[Date "2025.02.13"]
[Round "4.8"]
[White "Larsson, Emma 2008"]
[Black "Andersson, Fredrik 1969"]
[Result "1-0"]
[TimeControl "90 min + 30 sec/move"]
[WhiteElo "1754"]
[BlackElo "1746"]

1. e4 c5 2. Nf3 Nc6 3. d3 g6 4. g3 Bg7 5. Bg2 d6 6. O-O Nf6 7. Re1 Qc7 8. c3 e5 9. Nbd2 O-O 10.
Nf1 b6 11. h4 Ng4 12. N1h2 Rb8 13. a4 Nxh2 14. Nxh2 Ne7 15. h5 f5 16. hxg6 Nxg6 17. exf5 Bxf5 18. Bd5+ Kh8 19. Kg2 Qd7 20.
Rh1 Bh3+ 21. Kg1 Qf5 22. Be3 Bh6 23. Be4 Qf6 24. Qe2 Bxe3 25. Qxe3 Nf4 26. Nf1 Rg8 27. Rh2 d5 28. Bf3 Rb7 29.
Kh1 Bxf1 30. Rxf1 e4 31. dxe4 1-0